Map: Ascension to Aiur LE

Players

liquidthermy (uThermal)

  • Race: Terran Terran
  • League: Grandmaster
  • Spawn Location: 5:00

Neeblet (Neeb) - Winner!

  • Race: Protoss Protoss
  • League: Master
  • Spawn Location: 11:00

Event: HomeStory Cup XVI

VOD

Have the link to the VOD?

Description

Time

  • Played on: Nov. 9, 2017, 10:03 a.m.
  • Length: 3:31

All games in this series

Show
View Real Time Build Order
Export as new Build Order

liquidthermy Terran 

Build Orders:  

Get SALT Encoding   

  12  0:09  Supply Depot  
  12  0:36  Refinery  
  12  0:37  Barracks  
  12  0:57  Barracks  
  12  1:01  SCV  
  13  1:19  SCV  
  13  1:24  Barracks Tech Lab  
  14  1:34  SCV  
  15  1:42  Marauder, Concussive Shells  
  17  1:48  Barracks Tech Lab  
  17  2:04  Marauder  
  17  2:07  Marauder  
  20  2:16  Refinery  
  20  2:25  Marauder  
  22  2:32  Supply Depot  
  22  2:50  Marauder  
  23  2:53  Marauder  
Show
View Real Time Build Order
Export as new Build Order

Neeblet Protoss - Winner!

Build Orders:  

Get SALT Encoding   

  12  0:02  Probe (Chrono Boost)  
  14  0:14  Probe (Chrono Boost)  
  14  0:18  Pylon  
  14  0:26  Probe (Chrono Boost)  
  15  0:32  Probe (Chrono Boost)  
  15  0:37  Gateway  
  15  0:40  Probe (Chrono Boost)  
  17  0:48  Assimilator  
  17  0:53  Probe (Chrono Boost)  
  19  1:05  Probe (Chrono Boost)  
  19  1:17  Probe (Chrono Boost)  
  20  1:25  Zealot, Cybernetics Core  
  22  1:28  Assimilator  
  22  1:29  Probe (Chrono Boost)  
  22  1:31  Pylon  
  23  1:43  Gateway  
  23  1:52  Stalker  
  23  1:53  Probe (Chrono Boost)  
  24  2:02  Shield Battery  
  24  2:05  Probe (Chrono Boost)  
  27  2:13  Stalker  
  27  2:17  Probe (Chrono Boost)  
  27  2:18  Pylon  
  31  2:30  Probe (Chrono Boost)  
  31  2:31  Shield Battery  
  31  2:40  Stalker  
  31  2:44  Sentry  
  33  3:09  Robotics Facility  
  33  3:21  Shield Battery  
Tags
 
Add a new tag
Caveats
  • Supply blocks, unpowered buildings, or Contaminate may cause inaccurate times.
  • Supply counts are checked every 10 seconds.